 Dungeon Crawl Stone Soup version 0.14-a0-1653-g0ad7a2c (webtiles) character file.

251 CrazyArbalest the Skirmisher (level 5, -1/82 HPs)
             Began as an Ogre Berserker on Dec 27, 2013.
             Was a Priest of Trog.
             Killed by divine providence
             ... invoked by an orc priest
              (12 damage)
             ... on Level 3 of the Dungeon.
             The game lasted 00:09:37 (1656 turns).

CrazyArbalest the Skirmisher (Ogre Berserker)       Turns: 1656, Time: 00:09:38

HP  -1/82        AC  3     Str 25      XL: 5   Next: 20%
MP   5/5         EV 11     Int  7      God: Trog [***...]
Gold 114         SH  0     Dex  9      Spells:  0 memorised,  4 levels left

rFire  . . .     SeeInvis .     a - +0 mace
rCold  . . .     Clarity  .     b - +0 animal skin
rNeg   . . .     Conserve .     (shield restricted)
rPois  .         rCorr    .     (helmet restricted)
rElec  .         rRot     .     (no cloak)
SustAb . .       Spirit   .     (gloves unavailable)
rMut   .         Warding  .     (boots unavailable)
Saprov + . .     Stasis   .     l - amulet of faith
                                (no ring)
                                e - cursed -2 ring of strength

@: berserking, very quick, slightly resistant to hostile enchantments, extremely
unstealthy
A: unfitting armour, fast metabolism 1, saprovore 1, tough skin 1
a: Burn Spellbooks, Berserk, Trog's Hand, Renounce Religion


You were on level 3 of the Dungeon.
You worshipped Trog.
Trog was most pleased with you.
You were not hungry.

You visited 1 branch of the dungeon, and saw 3 of its levels.

You collected 114 gold pieces.

Inventory:

Hand weapons
 a - a +0,+0 mace (weapon)
 v - a -1,+1 orcish flail
Armour
 b - a +0 animal skin (worn)
Comestibles
 c - 2 meat rations
 f - a pear
 j - a royal jelly
 r - a sausage
Scrolls
 d - a scroll of recharging {unknown}
 g - a scroll of remove curse {unknown}
 h - a scroll of teleportation {unknown}
 k - a scroll of blinking {unknown}
 m - a scroll of identify {unknown}
 n - a scroll of fog {unknown}
 o - a scroll of amnesia {unknown}
 q - a scroll of noise {unknown}
 s - 4 scrolls of magic mapping {unknown}
 t - 2 scrolls of enchant weapon II {unknown}
Jewellery
 e - a cursed -2 ring of strength (left hand)
 l - an amulet of faith (around neck)
Potions
 i - 2 potions of heal wounds {unknown}
 p - 2 potions of curing {unknown}
 u - a potion of agility {unknown}


   Skills:
 + Level 4.8 Fighting
 + Level 4.7 Maces & Flails
 + Level 4.6 Dodging
 + Level 0.1 Stealth


You had 4 spell levels left.
You didn't know any spells.

Dungeon Overview and Level Annotations

Branches:
Dungeon (3/16)

Altars:


Innate Abilities, Weirdness & Mutations

You are too large for most types of armour.
You have a fast metabolism.
You can tolerate rotten meat.
You have tough skin (AC +1).


Message History

Use which ability? (? or * to list)
A red film seems to cover your vision as you go berserk!
You feel yourself moving faster!
You feel mighty!
You feel somewhat more hungry. The orc barely misses you.
You hit the orc priest but do no damage.
The orc priest barely misses you.
You closely miss the orc priest. The orc barely misses you.
The orc priest hits you with a glowing orcish trident.
* * * LOW HITPOINT WARNING * * *
You closely miss the orc priest. The orc closely misses you.
You hit the orc priest.
The orc priest is moderately wounded.
The orc priest hits you with a glowing orcish trident!
* * * LOW HITPOINT WARNING * * *
The orc barely misses you.
You hit the orc priest.
The orc priest is severely wounded.
The orc priest calls down the wrath of Beogh upon you.
Something smites you!
You die...

.......# ........#
.........#
..........#
....o.....#
..........+
.....o..o..# ##o#
#@o# #######'####
##### #..........#
....# ####..........#
....# #..'...[......#
....# #.##..........#
....# #.##..........#
....###.##..........#
....##.(##.........[#


You could see an orc priest and 2 orcs.

Vanquished Creatures
  An orc wizard (D:3)
  Ijyb (D:3)
  3 adders
  An inept feature mimic (D:2)
  3 giant geckos (D:1)
  6 orcs (D:3)
  10 bats
  A giant cockroach (D:2)
  6 goblins
  4 hobgoblins
  2 jackals (D:2)
  8 kobolds
  A ball python (D:3)
  A giant newt (D:2)
  6 rats
54 creatures vanquished.

Notes
Turn   | Place    | Note
--------------------------------------------------------------
     0 | D:1      | CrazyArbalest, the Ogre Berserker, began the quest for the Orb.
     0 | D:1      | Reached XP level 1. HP: 24/24 MP: 1/1
   136 | D:1      | Reached XP level 2. HP: 17/32 MP: 2/2
   455 | D:1      | Acquired Trog's second power
   578 | D:2      | Reached XP level 3. HP: 32/40 MP: 3/3
  1095 | D:2      | Reached XP level 4. HP: 49/49 MP: 4/4
  1446 | D:3      | Noticed Ijyb
  1473 | D:3      | Killed Ijyb
  1473 | D:3      | Reached XP level 5. HP: 55/55 MP: 5/5
  1656 | D:3      | Killed from afar by an orc priest

Action                   |  1- 3 |  4- 6 || total
-------------------------+-------+-------++-------
Melee: Mace              |   115 |    85 ||   200
Invok: Berserk           |       |     4 ||     4
 Stab: Sleeping          |     1 |       ||     1
